 Dungeon Crawl Stone Soup version 0.21-a0-440-g28109cb (webtiles) character file.

4 slep the Stinger (level 1, -2/13 HPs)
             Began as a Demonspawn Wanderer on Nov 12, 2017.
             Slain by a kobold
             ... wielding a +0 whip
              (7 damage)
             ... on level 1 of the Dungeon.
             The game lasted 00:03:27 (325 turns).

slep the Stinger (Demonspawn Wanderer)               Turns: 325, Time: 00:03:27

Health: -2/13      AC:  3    Str: 11    XL:     1   Next: 58%
Magic:  3/3        EV: 10    Int: 11    God:
Gold:   26         SH:  0    Dex: 15    Spells: 4/4 levels left

rFire    . . .     SeeInvis .   b - +0 quarterstaff
rCold    . . .     Gourm    .   (shield currently unavailable)
rNeg     . . .     Faith    .   r - +0 leather armour
rPois    .         Spirit   .   (no helmet)
rElec    .         Reflect  .   (no cloak)
rCorr    .         Harm     +   (no gloves)
MR       .....                  (no boots)
Stlth    ++........             m - amulet of harm
HPRegen  0.04/turn              (no ring)
MPRegen  0.08/turn              (no ring)

@: no status effects
A: no striking features
a: no special abilities


You were on level 1 of the Dungeon.
You were not hungry.

You visited 1 branch of the dungeon, and saw 1 of its levels.

You collected 26 gold pieces.

Inventory:

Hand Weapons
 b - a +0 quarterstaff (weapon)
Missiles
 g - 4 tomahawks (quivered)
Armour
 d - a +0 robe
 r - a +0 leather armour (worn)
Jewellery
 m - an amulet of harm (around neck)
Scrolls
 j - a scroll of random uselessness {unknown}
 k - 2 scrolls of identify {unknown}
 n - a scroll of teleportation {unknown}
 o - a scroll of immolation {unknown}
 s - a scroll of enchant armour {unknown}
Potions
 e - a potion of brilliance {unknown}
 h - a potion of ambrosia {unknown}
 l - a potion of experience {unknown}
 p - 2 potions of haste {unknown}
Books
 a - a Young Poisoner's Handbook

   Spells                             Type                      Level
   a - Sting                          Conjuration/Poison           1
   b - Poisonous Vapours              Poison/Air                   2
   c - Mephitic Cloud                 Conjuration/Poison/Air       3
   d - Olgreb's Toxic Radiance        Poison                       4
   e - Venom Bolt                     Conjuration/Poison           5
 c - the Volume of Shape Shifting

   Spells                             Type                      Level
   a - Beastly Appendage              Transmutation                1
   b - Ignite Poison                  Fire/Transmutation/Poison    3
Comestibles
 f - a bread ration
 i - a meat ration
 q - a royal jelly


   Skills:
   Level 1.7 Long Blades
 + Level 1.1 Throwing
 + Level 0.1 Dodging
 + Level 1.1 Stealth
 + Level 2.1 Spellcasting
   Level 3.0 Poison Magic
   Level 1.0 Evocations


You had 4 spell levels left.
You didn't know any spells.

Dungeon Overview and Level Annotations

Branches:
Dungeon (1/15)

Altars:


Message History

Wear which item? (? for menu, Esc to quit)
You start removing your armour.
You continue taking off your +0 robe. x4
You finish taking off your +0 robe.
You start putting on your armour.
You continue putting on your leather armour. x5
You finish putting on your +0 leather armour.
You see here 14 arrows.
s - a scroll labeled RAAPAZUAPA As you open the door, it creaks loudly!
A kobold comes into view. It is wielding a whip.
The kobold shouts!
Found 15 gold pieces.
There is an open door here.
The kobold hits you with a whip.
You barely miss the kobold. The kobold closely misses you.
You barely miss the kobold. The kobold hits you with a whip.
You miss the kobold. The kobold closely misses you.
You barely miss the kobold. The kobold hits you with a whip. x2
Ouch! That really hurt!
You die...

.......# (......#
.#... .......# ....
.......#
#######+#...
.......# #.........$
.......# #.........#
...##### #.........#
...##### #.....K...#
.......# #......@..#
.......#########'#.#
.†.......# #.# #
.......#.#######.#
.................#
.......#.#########
.......#........
.......#########
####'#.########


You could see a kobold.

Vanquished Creatures
  A goblin (D:1)
  A ball python (D:1)
  A bat (D:1)
  A frilled lizard (D:1)
  A kobold (D:1)
  A rat (D:1)
6 creatures vanquished.

Notes
Turn   | Place    | Note
-------+----------+-------------------------------------------
     0 | D:1      | slep the Demonspawn Wanderer began the quest for the Orb.
     0 | D:1      | slep set off with: a Young Poisoner's Handbook, a +0 quarterstaff, the Volume of Shape Shifting, a +0 robe, a bread ration
     0 | D:1      | Reached XP level 1. HP: 13/13 MP: 3/3
   325 | D:1      | Slain by a kobold

Vault maps used:
D:1:      mainiacjoe_arrival_reflecting_pool

Action                   || total
-------------------------++-------
Melee: Quarterstaff      ||    22
 Stab: Sleeping          ||     1
Armor: Robe              ||     9
Dodge: Dodged            ||    18

Table legend:
 A = Spawn XP
 B = Non-spawn XP
 C = Spawn XP percentage of total XP
 D = Spawn monster count
 E = Non-spawn monster count
 F = Spawn count percentage of total count
 G = Total turns spent on level
                    A         B        C        D         E        F      G
               +---------+---------+-------+---------+---------+-------+---------
         Total |       0 |       7 |   0.0 |       0 |       6 |   0.0 |   325
               +---------+---------+-------+---------+---------+-------+---------
           D:1 |       0 |       7 |   0.0 |       0 |       6 |   0.0 |   325
               +---------+---------+-------+---------+---------+-------+---------
